 Dungeon Crawl Stone Soup version 0.19-a0-1007-g133f65f (webtiles) character file.

7 epen the Grasshopper (level 2, -1/26 HPs)
             Began as a Naga Warper on July 21, 2016.
             Slain by a jackal (2 damage)
             ... on level 1 of the Dungeon.
             The game lasted 00:00:37 (521 turns).

epen the Grasshopper (Naga Warper)                   Turns: 521, Time: 00:00:38

Health: -1/26      AC:  2    Str: 13    XL:     2   Next: 4%
Magic:  5/5        EV:  9    Int: 13    God:
Gold:   18         SH:  0    Dex: 10    Spells: 1 memorised, 4 levels left

rFire  . . .     SeeInvis +     a - +0 spear
rCold  . . .     Gourm    .     b - +0 leather armour
rNeg   . . .     Faith    .     (no shield)
rPois  +         Spirit   .     (no helmet)
rElec  .         Dismiss  .     (no cloak)
rCorr  .         Reflect  .     (no gloves)
SustAt .         Harm     .     (no barding)
MR     .....                    (no amulet)
Stlth  +.........               (no ring)
                                (no ring)

@: very slow, not resistant to hostile enchantments, very unstealthy
A: see invisible, deformed body, poison resistance, slowness 2, slow metabolism
1, spit poison 2, AC +0
a: Spit Poison


You were on level 1 of the Dungeon.
You were not hungry.

You visited 1 branch of the dungeon, and saw 1 of its levels.

You collected 18 gold pieces.

Inventory:

Hand Weapons
 a - a +0 spear (weapon)
Missiles
 e - 5 tomahawks of dispersal (quivered)
Armour
 b - a +0 leather armour (worn)
Scrolls
 d - a scroll of blinking
 g - a scroll of remove curse {unknown}
Books
 c - a book of Spatial Translocations

   Spells                             Type                      Level
   a - Apportation                    Translocation                1
   b - Blink                          Translocation                2
   c - Shroud of Golubria             Charms/Translocation         2
   d - Portal Projectile              Translocation                3
   e - Teleport Other                 Translocation                3
   f - Passage of Golubria            Translocation                4
Comestibles
 f - a bread ration
 h - a chunk of flesh


   Skills:
 + Level 2.0 Fighting
 + Level 2.0 Polearms
 + Level 1.1 Throwing
 + Level 0.7 Armour
 + Level 1.7 Dodging
 + Level 2.0 Spellcasting
 * Level 3.2 Translocations


You had 4 spell levels left.
You knew the following spells:

 Your Spells              Type           Power        Failure   Level  Hunger
a - Apportation           Tloc           #.........   12%         1    ##.....


Dungeon Overview and Level Annotations

Branches:
Dungeon (1/15)

Altars:


Innate Abilities, Weirdness & Mutations

You cannot wear boots.
Your serpentine skin is tough. (AC +0)
You have supernaturally acute eyesight. (SInv)
Armour fits poorly on your strangely shaped body.
Your system is resistant to poisons. (rPois)
You cover ground very slowly.
You have a slow metabolism.
You can spit poison.


Message History

You hit the jackal but do no damage.
The jackal is heavily wounded.
The jackal barely misses you. The jackal bites you.
* * * LOW HITPOINT WARNING * * *
The jackal bites you but does no damage.
The rat bites you.
* * * LOW HITPOINT WARNING * * *
The jackal bites you.
* * * LOW HITPOINT WARNING * * *
You barely miss the jackal.
The jackal is heavily wounded.
The jackal bites you.
* * * LOW HITPOINT WARNING * * *
The jackal barely misses you. The rat barely misses you.
A giant newt comes into view.
The giant newt hisses angrily.
The jackal bites you.
* * * LOW HITPOINT WARNING * * *
The giant newt moves out of view.
The jackal misses you. The jackal bites you.
You die...

.#............(.........#
#####.................#
#.>............(..#
..................#
####.........##....#
..........##g...###
........).#rg.......
#.........hh#.......
..........@##$......
....................
.............>......
...................
.................
........##...$. .......(#
..... ##.....## ##...


You could see 2 jackals, a hobgoblin, a goblin and a rat.

Vanquished Creatures
  A giant gecko (D:1)
  A bat (D:1)
  A goblin (D:1)
  A jackal (D:1)
  A giant newt (D:1)
  A rat (D:1)
6 creatures vanquished.

Notes
Turn   | Place    | Note
-------+----------+-------------------------------------------
     0 | D:1      | epen the Naga Warper began the quest for the Orb.
     0 | D:1      | Reached XP level 1. HP: 19/19 MP: 3/3
    33 | D:1      | Reached skill level 1 in Throwing
   475 | D:1      | Reached XP level 2. HP: 20/26 MP: 5/5
   521 | D:1      | HP: 1/26 [jackal (2)]
   521 | D:1      | Slain by a jackal

Vault maps used:
D:1:      lightli_arrival_lavapool

Skill      XL: |  1 |
---------------+----+-----
Throwing       | 1 |  1.1
Fighting       | |  2.0
Polearms       | |  2.0
Armour         | |  0.7
Dodging        | |  1.7
Spellcasting   | |  2.0
Translocations | |  3.2

Action                   || total
-------------------------++-------
Melee: Spear             ||    41
 Abil: Spit Poison       ||     1
Armor: Leather armour    ||    17
Dodge: Dodged            ||    35
